 Dungeon Crawl Stone Soup version 0.23.0 (webtiles) character file.

Game seed: 3305073260114559190

10856 Masnef the Destroyer (level 11, 0/64 HPs)
             Began as a Deep Elf Monk on Feb 11, 2019.
             Was an Elder of Vehumet.
             Slain by an unseen horror (8 damage)
             ... on level 11 of the Dungeon.
             The game lasted 01:25:12 (20130 turns).

Masnef the Destroyer (Deep Elf Monk)               Turns: 20130, Time: 01:25:13

Health: 0/64       AC:  5    Str:  8    XL:     11   Next: 41%
Magic:  21/22      EV: 19    Int: 19    God:    Vehumet [****..]
Gold:   422        SH:  6    Dex: 20    Spells: 11/22 levels left

rFire    . . .     SeeInvis .   w - +1 short sword (speed)
rCold    . . .     Gourm    .   y - +0 buckler
rNeg     . . .     Faith    .   b - +0 robe
rPois    +         Spirit   .   C - +0 helmet
rElec    .         Reflect  .   D - scarf {cloud immunity}
rCorr    .         Harm     .   (no gloves)
MR       +....                  u - +1 pair of boots
Stlth    ++++......             F - amulet of the acrobat
HPRegen  0.20/turn              O - ring of poison resistance
MPRegen  0.18/turn              S - +3 ring of dexterity

@: no status effects
A: no striking features
a: Renounce Religion


You were on level 11 of the Dungeon.
You worshipped Vehumet.
Vehumet was greatly pleased with you.
You were very hungry.

You visited 2 branches of the dungeon, and saw 12 of its levels.

You collected 422 gold pieces.

Inventory:

Hand Weapons
 a - a +1 short sword
 i - a +0 spear
 q - a +1 shortbow of velocity
 s - a +0 hunting sling
 w - a +1 short sword of speed (weapon)
Missiles
 h - 338 stones (quivered)
 k - 44 sling bullets
 m - 32 poisoned needles
 B - 5 curare-tipped needles
 J - 99 arrows
Armour
 b - a +0 robe (worn)
 u - a +1 pair of boots (worn)
 y - a +0 buckler (worn)
 C - a +0 helmet (worn)
 D - a scarf of cloud immunity (worn)
Jewellery
 A - an uncursed ring of positive energy
 F - an amulet of the acrobat (around neck)
 G - an uncursed amulet of guardian spirit
 I - an uncursed ring of protection from fire
 O - a ring of poison resistance (left hand)
 S - a +3 ring of dexterity (right hand)
 U - an uncursed ring of positive energy
 W - an uncursed ring of resist corrosion
Wands
 g - a wand of disintegration (23)
 L - a wand of digging (4)
Scrolls
 d - a scroll of fog
 e - 2 scrolls of remove curse
 l - 5 scrolls of amnesia
 n - 3 scrolls of enchant weapon
 v - 2 scrolls of enchant armour
 x - a scroll of noise {unknown}
 z - a scroll of immolation {unknown}
 H - a scroll of vulnerability {unknown}
 M - a scroll of random uselessness {unknown}
 N - 3 scrolls of magic mapping
 X - a scroll of fear {unknown}
Potions
 f - a potion of berserk rage
 j - a potion of curing
 o - a potion of agility
 p - a potion of might
 r - a potion of mutation
 t - a potion of lignification {unknown}
 E - a potion of degeneration
 K - 2 potions of haste
 Q - a potion of invisibility
 R - a potion of experience {unknown}
Comestibles
 c - 20 rations
 T - 5 chunks of flesh


   Skills:
 + Level 5.9 Fighting
 - Level 5.0 Short Blades
 - Level 6.0 Bows
 + Level 8.4 Dodging
 - Level 7.5 Stealth
 - Level 4.0 Shields
 - Level 6.4 Spellcasting
 * Level 9.4 Conjurations
 - Level 3.7 Ice Magic
 - Level 4.0 Air Magic
 - Level 4.0 Poison Magic


You had 11 spell levels left.
You knew the following spells:

 Your Spells              Type           Power        Failure   Level  Hunger
a - Freeze                Ice            ###.         1%          1    None
b - Throw Frost           Conj/Ice       ####..       1%          2    None
c - Mephitic Cloud        Conj/Pois/Air  ####....     1%          3    ##.....
d - Lightning Bolt        Conj/Air       ####......   5%          5    #####..

Your spell library contained the following spells:

 Spells                   Type           Power        Failure   Level  Hunger
 Irradiate                Conj/Tmut      ###.......   11%         5    #####..
 Hydra Form               Tmut           #.........   100%        6    #######
 Statue Form              Tmut/Erth      #........    100%        6    #######
 Dragon Form              Tmut           #.........   100%        7    #######


Dungeon Overview and Level Annotations

Branches:
Dungeon (11/15)            Temple (1/1) D:6            Lair (0/6) D:11
    Orc: D:9-12

Altars:
Cheibriados
Dithmenos
Elyvilon
Gozag
Makhleb
Nemelex Xobeh
Okawaru
Qazlal
Trog
Uskayaw
Vehumet
Wu Jian
Xom
Yredelemnul
Zin

Shops:
D:10 [

Annotations:
D:10 exclusion: cyclops
D:11 2 runed translucent doors, exclusion: orange crystal statue


Message History

* * * LOW HITPOINT WARNING * * *
Something hits you.
* * * LOW HITPOINT WARNING * * *
Casting: Lightning Bolt (safe; 5% risk of failure)
Confirm with . or Enter, or press ? or * to list all spells.
Aiming: Lightning Bolt (safe; 5% risk of failure)
Press: ? - help, Shift-Dir - straight line, f/p - six-headed hydra
Aim: a six-headed hydra (almost dead)
You hear a mighty clap of thunder!
The bolt of lightning hits the six-headed hydra!!
You kill the six-headed hydra!
Vehumet accepts your kill.
You feel your power returning.
You hear a bellow!
Something hits you.
* * * LOW HITPOINT WARNING * * *
Something hits you!
* * * LOW HITPOINT WARNING * * *
You feel better. Something barely misses you. Something hits you!
You die...

#..P.....P...P........
#..PPPP.♣...P..P..####
#....D.PP....♣...#####
##.P..P......P........
#.#.....P............
#D##.............####
#.####....♣...#..# #
#.#########.###.. ..
#..{@............ ..
#####..#########. ##
#..# ..... #...#
#..#.#...#.#...#
#..#.......#...#
#..+...[...+...##
#..#.......#.....
#..#.#...#)#).... ##.#
.)...8#.....


There were no monsters in sight!

Vanquished Creatures
  A hydra (D:11)
  2 two-headed ogres (D:10)
  Nergalle (D:10)
  A troll (D:10)
  A merfolk (D:10)
  Grinder (D:6)
  3 hippogriffs
  2 wyverns (D:9)
  7 yaks
  A basilisk (D:11)
  2 water moccasins
  3 porcupines
  3 orc warriors
  2 sky beasts (D:7)
  2 black bears
  A necrophage (D:5)
  5 ice beasts
  5 ogres
  3 phantoms
  4 centaurs
  A crocodile (D:11)
  A big kobold (D:8)
  7 bullfrogs
  A water moccasin zombie (D:5)
  2 scorpions
  A water moccasin skeleton (D:10)
  6 killer bees (D:9)
  2 wights (D:7)
  A howler monkey (D:5)
  6 crimson imps
  2 centaur zombies
  A bullfrog zombie (D:8)
  9 hounds
  2 gnoll shamans (D:5)
  4 jellies
  9 orc wizards
  5 bullfrog skeletons
  5 iguanas
  12 worker ants
  A hound zombie (D:10)
  A hound skeleton (D:10)
  2 worker ant zombies
  8 gnolls
  10 adders
  4 shadow imps
  An ooze (D:5)
  4 adder skeletons
  2 worms
  2 dart slugs (D:2)
  3 leopard geckos
  30 orcs
  3 giant cockroaches
  9 goblins
  4 hobgoblins
  6 jackals
  6 quokkas
  8 bats
  4 frilled lizards
  12 kobolds
  5 rats
  A fungus (D:11)
253 creatures vanquished.

Vanquished Creatures (others)
  A goblin (D:3)
  A kobold (D:3)
  9 plants (D:11)
11 creatures vanquished.

Grand Total: 264 creatures vanquished

Notes
Turn   | Place    | Note
-------+----------+-------------------------------------------
     0 | D:1      | Masnef the Deep Elf Monk began the quest for the Orb.
     0 | D:1      | Reached XP level 1. HP: 13/13 MP: 3/3
   438 | D:1      | Reached XP level 2. HP: 18/18 MP: 4/4
  1288 | D:2      | Reached XP level 3. HP: 22/22 MP: 5/5
  1462 | D:2      | Reached skill level 5 in Stealth
  1769 | D:2      | Reached XP level 4. HP: 3/27 MP: 6/6
  2450 | D:3      | Reached XP level 5. HP: 31/31 MP: 7/7
  2641 | D:3      | Found a white marble altar of Elyvilon.
  2734 | D:3      | Noticed a phantom
  3679 | D:4      | Found a stormy altar of Qazlal.
  3779 | D:5      | Entered Level 5 of the Dungeon
  4011 | D:4      | Noticed an ogre
  4066 | D:4      | Killed an ogre
  4066 | D:4      | Reached skill level 1 in Shields
  4066 | D:4      | Reached XP level 6. HP: 2/36 MP: 8/8
  5047 | D:5      | Reached XP level 7. HP: 29/39 MP: 9/9
  5322 | D:5      | Found an iron altar of Okawaru.
  6271 | D:6      | Found a staircase to the Ecumenical Temple.
  6278 | Temple   | Entered the Ecumenical Temple
  6323 | Temple   | Became a worshipper of Vehumet
  6323 | Temple   | Reached * piety under Vehumet
  6323 | Temple   | Offered knowledge of Freeze by Vehumet.
  6323 | Temple   | Reached ** piety under Vehumet
  6326 | Temple   | Learned a level 1 spell: Freeze
  6374 | D:6      | Noticed Grinder
  6481 | D:6      | Found a glowing silver altar of Zin.
  6481 | D:6      | Noticed an angel
  6518 | D:6      | Reached skill level 1 in Ice Magic
  6551 | D:6      | HP: 2/41 [poisoned by a water moccasin]
  6956 | D:6      | Offered knowledge of Throw Frost by Vehumet.
  7670 | D:3      | Reached XP level 8. HP: 36/46 MP: 14/16
  7933 | D:5      | Reached skill level 5 in Spellcasting
  7987 | D:5      | Reached skill level 1 in Bows
  9843 | D:5      | Learned a level 2 spell: Throw Frost
 10133 | D:5      | Reached skill level 1 in Conjurations
 10473 | D:5      | Reached skill level 5 in Dodging
 11109 | D:6      | Reached skill level 2 in Conjurations
 11351 | D:7      | Reached skill level 5 in Bows
 11359 | D:7      | Reached XP level 9. HP: 43/51 MP: 12/20
 11503 | D:7      | Offered knowledge of Mephitic Cloud by Vehumet.
 11508 | D:7      | Learned a level 3 spell: Mephitic Cloud
 11583 | D:7      | Found a shadowy altar of Dithmenos.
 11816 | D:7      | Reached skill level 1 in Air Magic
 11816 | D:7      | Reached skill level 1 in Poison Magic
 11962 | D:7      | Reached skill level 3 in Conjurations
 12569 | D:7      | Reached *** piety under Vehumet
 12720 | D:8      | Reached skill level 4 in Conjurations
 13138 | D:8      | Offered knowledge of Static Discharge by Vehumet.
 13466 | D:8      | Found an ornate altar of the Wu Jian Council.
 13469 | D:8      | Found a burning altar of Makhleb.
 13482 | D:8      | Found a basalt altar of Yredelemnul.
 13536 | D:8      | Reached skill level 5 in Short Blades
 13536 | D:8      | Reached skill level 5 in Conjurations
 14456 | D:9      | Reached XP level 10. HP: 51/58 MP: 17/21
 14710 | D:9      | Reached skill level 6 in Conjurations
 14935 | D:10     | Entered Level 10 of the Dungeon
 15222 | D:10     | Noticed a two-headed ogre
 15234 | D:10     | Killed a two-headed ogre
 15381 | D:10     | Reached skill level 7 in Conjurations
 15384 | D:10     | Reached skill level 5 in Fighting
 15386 | D:10     | Reached **** piety under Vehumet
 15423 | D:10     | Noticed a cyclops
 15473 | D:10     | Noticed Nergalle
 15717 | D:10     | Noticed a two-headed ogre
 15729 | D:10     | Killed a two-headed ogre
 15775 | D:10     | Offered knowledge of Lightning Bolt by Vehumet.
 15782 | D:10     | Learned a level 5 spell: Lightning Bolt
 15887 | D:10     | Found Saphesuc's Antique Armour Shop.
 16058 | D:10     | Reached skill level 8 in Conjurations
 16116 | D:10     | Noticed a spectral orc warlord
 17018 | D:10     | Killed Nergalle
 17639 | D:6      | Killed Grinder
 17975 | D:11     | Reached XP level 11. HP: 52/64 MP: 10/22
 18186 | D:11     | Found a runed translucent door.
 18195 | D:11     | Found the +10 large shield of Ignorance {rN+ Int-4}
 18230 | D:11     | Found a runed translucent door.
 18230 | D:11     | Noticed an orange crystal statue
 18810 | D:11     | Noticed a six-headed hydra
 19914 | D:11     | Reached skill level 9 in Conjurations
 20078 | D:11     | Found a staircase to the Lair.
 20129 | D:11     | Killed a six-headed hydra
 20129 | D:11     | HP: 2/64 [something (9)]
 20130 | D:11     | Slain by an unseen horror

Skill      XL: |  1  2  3  4  5  6  7  8  9 10 11 |
---------------+----------------------------------+-----
Stealth        | 3 4 5 6 7 |  7.5
Dodging        | 4 5 6 7 8 |  8.4
Shields        | 1 2 3 4 |  4.0
Short Blades   | 4 5 |  5.0
Fighting       | 3 4 5 |  5.9
Spellcasting   | 4 6 |  6.4
Ice Magic      | 3 |  3.7
Bows           | 5 6 |  6.0
Conjurations   | 2 5 8 9 |  9.4
Air Magic      | 2 4 |  4.0
Poison Magic   | 2 3 4 |  4.0

Action                   |  1- 3 |  4- 6 |  7- 9 | 10-12 || total
-------------------------+-------+-------+-------+-------++-------
Melee: Short sword       |   104 |   110 |   318 |   419 ||   951
 Fire: Hunting sling     |     6 |    57 |    51 |       ||   114
       Shortbow          |       |       |   228 |       ||   228
Throw: Stone             |    40 |       |       |       ||    40
 Cast: Freeze            |       |       |   141 |    22 ||   163
       Throw Frost       |       |       |    25 |    54 ||    79
       Mephitic Cloud    |       |       |    12 |    63 ||    75
       Lightning Bolt    |       |       |       |    17 ||    17
Evoke: Wand              |       |       |    12 |    10 ||    22
  Use: Scroll            |     4 |     4 |     9 |     6 ||    23
       Potion            |       |       |     1 |     5 ||     6
 Stab: Sleeping          |    12 |    12 |     4 |     6 ||    34
       Confused          |       |       |     8 |    40 ||    48
       Distracted        |       |       |     1 |     1 ||     2
  Eat: Chunk             |     3 |     5 |    10 |    13 ||    31
       Ration            |       |     2 |     5 |     3 ||    10
Armor: Robe              |    21 |    16 |    48 |    46 ||   131
Dodge: Dodged            |    91 |    56 |   266 |   282 ||   695
Block: Buckler           |       |     5 |    38 |    88 ||   131
